 Dungeon Crawl Stone Soup version 0.27.1-33-g824d729ab1 (webtiles) character file.

Game seed: 15893887520372730533

4732 Garessta the Basher (level 10, -1/73 HPs)
             Began as a Demonspawn Fighter on Dec 13, 2021.
             Was a Believer of Qazlal.
             Slain by a harpy zombie (6 damage)
             ... on level 7 of the Dungeon.
             The game lasted 00:13:06 (8587 turns).

Garessta the Basher (Demonspawn Fighter)            Turns: 8587, Time: 00:13:07

Health: -1/73      AC: 14    Str: 25    XL:     10   Next: 22%
Magic:  13/13      EV:  6    Int: 11    God:    Qazlal [**....]
Gold:   148        SH: 12    Dex: 12    Spells: 9/9 levels left

rFire    . . .     SeeInvis +   D - +3 flail (freeze)
rCold    . . .     Faith    .   c - +0 kite shield
rNeg     . . .     Spirit   .   x - +0 chain mail
rPois    .         Reflect  .   w - +1 helmet
rElec    .         Harm     .   (no cloak)
rCorr    .         Rampage  .   (no gloves)
Will     .....                  b - +0 pair of boots
Stlth    ..........             (no amulet)
HPRegen  0.22/turn              g - ring of see invisible
MPRegen  0.26/turn              n - +6 ring of strength

@: no status effects
A: talons 2, powered by pain 1, magic regeneration, sharp scales 1
a: Renounce Religion, Upheaval


You were on level 7 of the Dungeon.
You worshipped Qazlal.
Qazlal was pleased with you.
You visited 2 branches of the dungeon, and saw 8 of its levels.
You also visited: Ossuary.

You collected 193 gold pieces.
You spent 45 gold pieces at shops.

Inventory:

Hand Weapons
 m - a +2 flail of protection
 D - a +3 flail of freezing (weapon)
Missiles
 a - 6 silver javelins (quivered)
Armour
 b - a +0 pair of boots (worn)
 c - a +0 kite shield (worn)
 w - a +1 helmet (worn)
 x - a +0 chain mail (worn)
Jewellery
 g - a ring of see invisible (left hand)
 n - a +6 ring of strength (right hand)
Wands
 s - a wand of iceblast (10)
Scrolls
 f - a scroll of fog
 h - 2 scrolls of enchant weapon {unknown}
 k - 2 scrolls of amnesia {unknown}
 t - 2 scrolls of identify
 v - 2 scrolls of teleportation
 y - a scroll of holy word {unknown}
 E - a scroll of summoning {unknown}
Potions
 d - 4 potions of might
 e - 2 potions of attraction {unknown}
 i - a potion of mutation {unknown}
 j - 6 potions of curing
 l - 3 potions of ambrosia
 o - 2 potions of brilliance {unknown}
 p - 2 potions of lignification {unknown}
 q - a potion of heal wounds {unknown}
 r - 3 potions of haste {unknown}
 u - a potion of invisibility {unknown}
 z - a potion of cancellation {unknown}
 A - a potion of degeneration {unknown}
 B - 2 potions of magic {unknown}
 C - a potion of resistance {unknown}


   Skills:
 + Level 4.9 Fighting
 + Level 11.9 Maces & Flails
 + Level 4.4 Armour
 - Level 2.0 Dodging
 - Level 0.6 Stealth
 - Level 2.6 Shields
 + Level 4.9 Invocations


You had 9 spell levels left.
You didn't know any spells.
Your spell library contained the following spells:

 Spells                   Type           Power      Damage    Failure   Level
 Foxfire                  Conj/Fire      0%         2x1d4     100%        1
 Sting                    Tmut/Pois      0%         1d3       100%        1
 Poisonous Vapours        Pois/Air       0%         N/A       100%        2
 Conjure Flame            Conj/Fire      0%         6-21      100%        3
 Gell's Gravitas          Tloc           0%         N/A       100%        3
 Inner Flame              Hex/Fire       0%         N/A       100%        3
 Teleport Other           Tloc           0%         N/A       100%        3
 Olgreb's Toxic Radiance  Pois           0%         N/A       100%        4
 Dispersal                Tloc           0%         N/A       100%        6


Dungeon Overview and Level Annotations

Branches:
Dungeon (7/15)             Temple (1/1) D:5         Ossuary (visited)

Altars:
Ashenzari
Fedhas
Gozag
Hepliaklqana
Kikubaaqudgha
Makhleb
Qazlal
Ru
Sif Muna
Trog
Uskayaw
Vehumet
Wu Jian
Xom
Yredelemnul
Zin
The Shining One

Shops:
D:5 [[*


Innate Abilities, Weirdness & Mutations

You have razor-sharp toenails.
You sometimes gain a little power by taking damage.
You regenerate magic rapidly.
You are partially covered in razor-sharp scales. (AC +1, Slay +1)


Message History

The harpy zombie claws you. The harpy zombie closely misses you.
You block the harpy zombie's attack. x2
The harpy zombie claws you but does no damage.
The harpy zombie claws you.
You are too injured to fight recklessly!
You are too injured to fight recklessly!
You are too injured to fight recklessly!
You are too injured to fight recklessly!
You are too injured to fight recklessly!
You are too injured to fight recklessly!
You are too injured to fight recklessly!
You are too injured to fight recklessly!
You are too injured to fight recklessly!
You are too injured to fight recklessly!
You are too injured to fight recklessly!
You are too injured to fight recklessly!
You are too injured to fight recklessly!
You sock the harpy zombie!
The harpy zombie is heavily damaged.
You block the harpy zombie's attack. x2; The harpy zombie claws you!
You block the harpy zombie's attack. The harpy zombie claws you!
* * * LOW HITPOINT WARNING * * *
You block the harpy zombie's attack.
The harpy zombie claws you but does no damage.
You block the harpy zombie's attack.
You hit the harpy zombie.
The harpy zombie is heavily damaged.
The harpy zombie claws you.
* * * LOW HITPOINT WARNING * * *
The harpy zombie claws you.
* * * LOW HITPOINT WARNING * * *
You block the harpy zombie's attack.
The harpy zombie claws you but does no damage. x2
The harpy zombie claws you!
* * * LOW HITPOINT WARNING * * *
You block the harpy zombie's attack. x2
The harpy zombie is engulfed in blazing flames.
You block the harpy zombie's attack. The harpy zombie claws you.
You die...

###....######..###..###.........
##...#Z.# #..# ##.............
#...##..# #..# #...........#.
##..####.### #..#
###.........##. ...#
#...###..###.....#####.### ...##
##.....#.<....##..# #....
....###..###......#####.## #...
.....##.## #...#Z.# #..# ##.##
........####..##@.# ##.# #..#
................☼.# #.## #..#
..................# #..###..##
..........######### ###.......##
..........# ###...##......
..........# #....####..###
.....5....# #....####..# #
......###.+ #..........# ..#..##
#.+ #..........###


You could see a harpy zombie.

Vanquished Creatures
  2 hellwings (D:7)
  Sigmund (D:5)
  Menkaure (D:7)
  2 water moccasins (D:6)
  An orc warrior (D:7)
  2 ogres (D:6)
  2 sky beasts (D:6)
  2 black bears (D:4)
  2 ice beasts
  2 bullfrogs (D:6)
  9 scorpions
  3 wights (D:7)
  A howler monkey (D:5)
  8 centaur zombies
  2 human zombies (Ossuary)
  3 hounds
  An orc priest (D:5)
  2 bullfrog skeletons
  A jelly (D:5)
  4 iguanas
  6 scorpion zombies (Ossuary)
  Ijyb (D:4)
  8 orc wizards
  A hound skeleton (D:4)
  3 mummies (Ossuary)
  10 adders
  3 shadow imps (D:7)
  A white imp (D:7)
  An ufetubus (D:5)
  2 worms
  A dart slug (D:1)
  16 orcs
  5 ball pythons
  5 bats
  5 endoplasms
  A giant cockroach (D:3)
  2 gnoll zombies (Ossuary)
  5 goblins
  4 hobgoblins
  9 jackals
  4 kobolds
  3 frilled lizards
  A hobgoblin zombie (Ossuary)
  2 kobold zombies (Ossuary)
  2 orc zombies (Ossuary)
  4 rats
156 creatures vanquished.

Vanquished Creatures (others)
  13 withered plants (D:7)
13 creatures vanquished.

Grand Total: 169 creatures vanquished

Notes
Turn   | Place    | Note
-------+----------+-------------------------------------------
     0 | D:1      | Garessta the Demonspawn Fighter began the quest for the
                  | Orb.
     0 | D:1      | Reached XP level 1. HP: 18/18 MP: 1/1
   121 | D:1      | Reached skill level 2 in Maces & Flails
   188 | D:1      | Gained mutation: You have sharp toenails. [demonic
                  | ancestry]
   188 | D:1      | Reached XP level 2. HP: 24/24 MP: 2/2
   485 | D:1      | Noticed a golden eye
   489 | D:1      | Found a faded altar of an unknown god.
   490 | D:1      | Noticed an eye of devastation
   490 | D:1      | Noticed a shining eye
   490 | D:1      | Noticed a great orb of eyes
   898 | D:2      | Reached skill level 3 in Maces & Flails
   898 | D:2      | Reached XP level 3. HP: 25/29 MP: 3/3
   929 | D:2      | Reached skill level 1 in Dodging
  1575 | D:3      | Gained mutation: You have razor-sharp toenails. [demonic
                  | ancestry]
  1575 | D:3      | Reached XP level 4. HP: 25/35 MP: 4/4
  2255 | D:3      | Found a sacrificial altar of Ru.
  2309 | D:3      | Found a hazy altar of Hepliaklqana.
  2311 | D:3      | Found a faded altar of an unknown god.
  2368 | D:3      | Reached skill level 4 in Maces & Flails
  2808 | D:3      | Found a shimmering blue altar of Sif Muna.
  2816 | D:3      | Gained mutation: You sometimes gain a little power by
                  | taking damage. [demonic ancestry]
  2816 | D:3      | Reached XP level 5. HP: 39/41 MP: 5/5
  3309 | D:4      | Reached skill level 5 in Maces & Flails
  3363 | D:4      | Noticed a black bear
  3374 | D:4      | Killed a black bear
  3375 | D:4      | Reached XP level 6. HP: 39/47 MP: 6/6
  3487 | D:4      | Noticed Ijyb
  3495 | D:4      | Killed Ijyb
  4092 | D:4      | Reached skill level 6 in Maces & Flails
  4370 | D:4      | Reached XP level 7. HP: 52/52 MP: 7/7
  4493 | D:5      | Entered Level 5 of the Dungeon
  4897 | D:5      | Reached skill level 7 in Maces & Flails
  4942 | D:5      | Found Kobephadgh's General Store.
  4951 | D:5      | Bought a potion of curing for 45 gold pieces
  4954 | D:5      | Found a staircase to the Ecumenical Temple.
  4954 | D:5      | Noticed Sigmund
  4974 | D:5      | Killed Sigmund
  5132 | Temple   | Entered the Ecumenical Temple
  5428 | Temple   | Became a worshipper of Qazlal Stormbringer
  5468 | D:5      | Reached skill level 8 in Maces & Flails
  5554 | D:5      | Found a shimmering altar of Xom.
  5602 | D:5      | Found Kagoogruab's Armour Boutique.
  5845 | D:5      | Gained mutation: You are partially covered in razor-sharp
                  | scales. (AC +1, Slay +1) [demonic ancestry]
  5845 | D:5      | Reached XP level 8. HP: 48/58 MP: 8/8
  5950 | D:5      | Found Rutien's Armour Shoppe.
  6044 | D:5      | Found a bloodstained altar of Trog.
  6525 | D:6      | Found a sand-covered staircase.
  6535 | Ossuary  | Entered an ossuary
  6566 | Ossuary  | Reached skill level 9 in Maces & Flails
  6846 | Ossuary  | Reached * piety under Qazlal
  6847 | Ossuary  | Reached skill level 10 in Maces & Flails
  7069 | D:6      | Reached XP level 9. HP: 60/63 MP: 9/9
  7210 | D:6      | Reached skill level 11 in Maces & Flails
  8009 | D:7      | Noticed Menkaure
  8017 | D:7      | Killed Menkaure
  8018 | D:7      | Reached skill level 1 in Invocations
  8104 | D:7      | Found a burning altar of Makhleb.
  8220 | D:7      | Reached ** piety under Qazlal
  8398 | D:7      | Gained mutation: You regenerate magic rapidly. [demonic
                  | ancestry]
  8398 | D:7      | Reached XP level 10. HP: 64/73 MP: 11/13
  8587 | D:7      | Slain by a harpy zombie

Illustrated notes

Levels and vault maps discovered:
D:1:      lightli_arrival_isolated_outpost, layout_loops_ring,
          hellmonk_ecumenical_altar_watching_god
D:2:      layout_basic, hex_intersection
D:3:      layout_loops_corners, beargit_hepliaklqana_dungeon_heroes,
          nicolae_ru_awakened_eye, kennysheep_orc_sif_temple
D:4:      layout_loops_corners, amcnicky_mini_rare_corridor_liquid,
          kennysheep_decorative_pillar, kennysheep_generic_room_15, uniq_ijyb
D:5:      layout_loops_corners, mainiacjoe_overflow_tiny_flanked,
          mainiacjoe_overflow_24_doors, minmay_temple_entry_mini_moons,
          serial_glass, glass_columns_a, glass_columns_c, serial_shops, shop,
          shop, shop_fountains, uniq_sigmund
D:6:      layout_layer_cave, nicolae_ossuary_entry_ruins
D:7:      cheibrodos_grave_circle, layout_layer_cave, bloody_makhleb,
          serial_shops, kennysheep_little_box, kennysheep_generic_room_7,
          uniq_crazy_yiuf_cottage, uniq_menkaure
Temple:   minmay_temple_curvy_loop

Skill      XL: |  1  2  3  4  5  6  7  8  9 |
---------------+----------------------------+-----
Maces & Flails | 2 3 4 5 6 8 10 11 | 11.9
Dodging        | 1 2 |  2.0
Armour         | 4 |  4.4
Invocations    | 4 |  4.9
Fighting       | 4 |  4.9
Stealth        | |  0.6
Shields        | |  2.6

Action                   |  1- 3 |  4- 6 |  7- 9 | 10-12 || total
-------------------------+-------+-------+-------+-------++-------
Melee: Flail             |    93 |   143 |   339 |    41 ||   616
       Kick              |    10 |    31 |    10 |       ||    51
  Use: Scroll            |       |       |     9 |       ||     9
Armor: Scale mail        |    51 |    86 |    10 |       ||   147
       Chain mail        |       |       |   167 |    32 ||   199
Dodge: Dodged            |    28 |    48 |    69 |    16 ||   161
Block: Kite shield       |    46 |    73 |   164 |    38 ||   321
